 Dungeon Crawl Stone Soup version 0.28-a0-998-gb9e9c7b67e (webtiles) character file.

Game seed: 4954944897243977053

231 vineage the Skirmisher (level 6, -3/44 HPs)
             Began as a Gargoyle Fighter on Dec 5, 2021.
             Killed by divine providence
             ... invoked by an orc priest
              (14 damage)
             ... on level 3 of the Dungeon.
             The game lasted 00:02:31 (3236 turns).

vineage the Skirmisher (Gargoyle Fighter)           Turns: 3236, Time: 00:02:32

Health: -3/44      AC: 11    Str: 19    XL:     6   Next: 4%
Magic:  6/6        EV:  9    Int:  9    God:
Gold:   152        SH:  4    Dex: 11    Spells: 5/5 levels left

rFire   . . .      SeeInvis .   a - +0 flail (flame)
rCold   . . .      Faith    .   c - +0 buckler
rNeg    + . .      Spirit   .   b - +0 scale mail
rPois   ∞          Reflect  .   (no helmet)
rElec   +          Harm     .   (no cloak)
rCorr   .          Rampage  .   (no gloves)
Will    .....                   (no boots)
Stlth   ..........              (no amulet)
HPRegen 0.14/turn               (no ring)
MPRegen 0.10/turn               (no ring)

@: no status effects
A: sickness immunity, AC +4, negative energy resistance 1, electricity
resistance, torment resistance 1, petrification resistance
a: no special abilities


You were on level 3 of the Dungeon.
You visited 1 branch of the dungeon, and saw 3 of its levels.

You collected 152 gold pieces.

Inventory:

Hand Weapons
 a - a +0 flail of flaming (weapon)
Armour
 b - a +0 scale mail (worn)
 c - a +0 buckler (worn)
Jewellery
 f - an amulet of magic regeneration
 g - an amulet of the acrobat
Potions
 j - a potion of attraction


   Skills:
 + Level 7.2 Fighting
 - Level 2.0 Maces & Flails
 - Level 3.2 Armour
 - Level 3.2 Shields


You had 5 spell levels left.
You didn't know any spells.
Your spell library was empty.

Dungeon Overview and Level Annotations

Branches:
Dungeon (3/15)

Altars:
Beogh

Shops:
D:2 ?

Annotations:
D:3 jt's ghost, amateur DrCj


Innate Abilities, Weirdness & Mutations

You are immune to sickness and miasma.
Your stone body is resilient. (AC +4)
You are immune to poison.
You resist negative energy. (rN+)
You are resistant to electric shocks. (rElec)
You are resistant to unholy torment.
You are immune to petrification.


Message History

The orc priest looks braver for a moment.
Jt's ghost hits you.
* * * LOW HITPOINT WARNING * * *
Okay, then.
You are confused.
You feel invigorated.
Jt's ghost points at you and mumbles some strange words.
The magic dart hits you!
* * * LOW HITPOINT WARNING * * *
You bump into the rock wall.
Jt's ghost hits you but does no damage.
You miss jt's ghost. Jt's ghost hits you but does no damage.
You bump into the rock wall.
Jt's ghost adeptly chants a nearly unspeakable incantation.
Jt's ghost hits you but does no damage.
You bump into the rock wall.
You feel less invigorated.
You feel less confused.
Jt's ghost keens inconsolably.
Jt's ghost casts a spell at you. The magic dart hits you.
You closely miss jt's ghost.
The orc priest calls down the wrath of Beogh upon you.
Beogh smites you!
Jt's ghost hits you but does no damage. x2
You hit jt's ghost. You burn jt's ghost.
Jt's ghost is lightly damaged.
Energy condenses in front of jt's ghost, but quickly dissipates.
Jt's ghost barely misses you.
You hit jt's ghost. You burn jt's ghost.
Jt's ghost is moderately damaged.
Jt's ghost points at you and mumbles some strange words.
The magic dart hits you.
* * * LOW HITPOINT WARNING * * *
You closely miss jt's ghost.
Jt's ghost is moderately damaged.
You block jt's ghost's attack.
You hit jt's ghost. You burn jt's ghost.
Jt's ghost is moderately damaged.
Jt's ghost closely misses you.
The orc priest mumbles some strange prayers to Beogh against you.
Beogh smites you!
You die...

.........># #.#.#..##
##.####.### #.......#
#### ### #.......#
#8....[_.....8##.###..#
#.o...........##.# #..#
#.#8#..8..#8#.##.###..#
#.###.....###.#.......#
#....#####....##.###.##
#............o##@# #.#
######'''#######W###.####
8.............8ooo......#
...............#.########
.................#
##.###.......##### ##.#
#.......# ##.# #.......#
##.# #.......#


You could see an orc priest, jt's ghost and 2 orcs.

Vanquished Creatures
  A phantom (D:3)
  A hound (D:3)
  Jessica (D:3)
  4 adders
  2 worms (D:3)
  A dart slug (D:3)
  An orc (D:3)
  2 endoplasms (D:1)
  2 giant cockroaches
  4 goblins
  6 hobgoblins
  6 kobolds
  A quokka (D:1)
  4 ball pythons
  7 bats
  5 frilled lizards
  9 rats
57 creatures vanquished.

Notes
Turn   | Place    | Note
-------+----------+-------------------------------------------
     0 | D:1      | vineage the Gargoyle Fighter began the quest for the Orb.
     0 | D:1      | Reached XP level 1. HP: 14/14 MP: 1/1
   478 | D:1      | Reached XP level 2. HP: 20/20 MP: 2/2
   565 | D:1      | Reached skill level 4 in Fighting
   803 | D:1      | You fall into a shaft and drop 1 floor!
  1206 | D:2      | Reached XP level 3. HP: 20/24 MP: 3/3
  1824 | D:2      | Found Eqonott's Magic Scroll Boutique.
  1838 | D:2      | Reached skill level 5 in Fighting
  1940 | D:2      | Reached XP level 4. HP: 18/31 MP: 4/4
  2260 | D:3      | Noticed a phantom
  2271 | D:3      | Killed a phantom
  2272 | D:3      | Reached skill level 6 in Fighting
  2272 | D:3      | Reached XP level 5. HP: 30/37 MP: 5/5
  2372 | D:3      | Found a runed translucent gate.
  2372 | D:3      | Found a runed translucent gate.
  2372 | D:3      | Found a runed translucent gate.
  2375 | D:3      | Noticed jt's ghost (amateur DrCj)
  2433 | D:3      | Noticed Jessica
  2436 | D:3      | Killed Jessica
  2825 | D:3      | Reached skill level 7 in Fighting
  3017 | D:3      | Reached XP level 6. HP: 43/44 MP: 6/6
  3236 | D:3      | Killed from afar by an orc priest

Illustrated notes

Levels and vault maps discovered:
D:1:      dpeg_arrival_orchard, layout_basic
D:2:      layout_basic, serial_shops, shop
D:3:      layout_basic, biasface_ghost_orc_armoury, uniq_jessica

Skill      XL: |  1  2  3  4  5 |
---------------+----------------+-----
Fighting       | 4 5 6 7 |  7.2
Maces & Flails | |  2.0
Armour         | |  3.2
Shields        | |  3.2

Action                   |  1- 3 |  4- 6 || total
-------------------------+-------+-------++-------
Melee: Flail             |   141 |   103 ||   244
  Use: Potion            |       |     2 ||     2
       Scroll            |       |     5 ||     5
Armor: Scale mail        |    88 |    72 ||   160
Dodge: Dodged            |    73 |    46 ||   119
Block: Buckler           |    34 |    27 ||    61

Table legend: (Time is in decaauts)
 A = Elapsed time spent in this place.
 B = Non-inter-level travel time spent in this place.
 C = Inter-level travel time spent in this place.
 D = Time resting spent in this place.
 E = Time spent auto-exploring this place.
 F = Levels seen in this place.
 G = Mean time per level.
                   A        B        C        D        E       F      G
               +--------+--------+--------+--------+--------+-----+--------+
         Total |   3313 |   3249 |     64 |      0 |   2703 |   3 | 1104.3 |
       Dungeon |   3313 |   3249 |     64 |      0 |   2703 |   3 | 1104.3 |
               +--------+--------+--------+--------+--------+-----+--------+

Top non-repeatable levels by time:
     D:2: 1189 daAuts
     D:1: 1111 daAuts
     D:3: 1012 daAuts
